 Dungeon Crawl Stone Soup version 0.31-a0-662-g684573625c (webtiles) character file.

Game seed: 14760339710113742956

56 sejenkins the Ducker (level 4, -2/32 HPs)
             Began as a Djinni Hedge Wizard on Sept 1, 2023.
             Slain by Terence
             ... wielding a +0 falchion
              (4 damage)
             ... on level 3 of the Dungeon.
             The game lasted 00:10:13 (1775 turns).

sejenkins the Ducker (Djinni Hedge Wizard)          Turns: 1775, Time: 00:10:13

Health: -2/32      AC:  3    Str:  9    XL:     4   Next: 17%
Gold:   63         EV: 13    Int: 17    God:
                   SH:  0    Dex: 13

rFire   + + .        b - +0 sling
rCold   x . .        (no shield)
rNeg    + . .        n - +0 robe
rPois   ∞            c - +0 hat
rElec   .            r - +0 cloak
rCorr   .            (no gloves)
SInv    .            (boots unavailable)
Will    .....        (no amulet)
Stlth   ++           e - ring of positive energy
HPRegen 0.25/turn    (no ring)
MPRegen 0.00/turn

%: infuse magic (-3 HP)
@: flying
A: sickness immunity, fire resistance 2, cold vulnerability 1, float, innate
caster, HP casting, extra vitality 1
a: no special abilities


You were on level 3 of the Dungeon.
You visited 1 branch of the dungeon, and saw 3 of its levels.

You collected 63 gold pieces.

Inventory:

Hand Weapons
 a - a +0 dagger
 b - a +0 sling (weapon)
Missiles
 h - 3 javelins
 k - 3 boomerangs
Armour
 c - a +0 hat (worn)
 m - a +0 chain mail
 n - a +0 robe (worn)
 r - a +0 cloak (worn)
Jewellery
 e - a ring of positive energy (left hand)
Scrolls
 g - a scroll of poison {unknown}
 j - a scroll of immolation {unknown}
 l - a scroll of amnesia {unknown}
 q - a scroll of teleportation {unknown}
 s - a scroll of noise {unknown}
Potions
 d - a potion of cancellation {unknown}
 f - 2 potions of heal wounds {unknown}
 i - a potion of might {unknown}
 o - a potion of magic {unknown}
 p - a potion of curing {unknown}
 t - a potion of enlightenment {unknown}


   Skills:
 * Level 1.3 Fighting
 * Level 0.2 Ranged Weapons
 * Level 3.1 Dodging
 + Level 2.0 Stealth
 * Level 3.1 Spellcasting
 * Level 3.1 Conjurations
 * Level 3.1 Hexes
 * Level 3.1 Summonings
 * Level 3.1 Necromancy
 * Level 3.1 Translocations
 * Level 3.1 Transmutations
 * Level 3.1 Fire Magic
 * Level 3.1 Ice Magic
 * Level 3.1 Air Magic
 * Level 3.1 Earth Magic
 * Level 3.1 Poison Magic


You knew the following spells:

 Your Spells              Type           Power      Damage    Failure   Level
a - Magic Dart            Conj           52%        1d5       4%          1
b - Slow                  Hex            52%        N/A       4%          1
c - Blink                 Tloc           26%        N/A       8%          2
d - Call Imp              Summ           26%        N/A       8%          2
e - Mephitic Cloud        Conj/Pois/Air  13%        N/A       14%         3
f - Foxfire               Conj/Fire      52%        2x1d6     4%          1
Your spell library was empty.

Dungeon Overview and Level Annotations

Branches:
Dungeon (3/15)

Altars:
Fedhas

Annotations:
D:3 Terence


Innate Abilities, Weirdness & Mutations

You are immune to sickness and miasma.
You are immune to poison.
Your flesh is very heat resistant. (rF++)
You are vulnerable to cold. (rC-)
You float through the air rather than walking.
You learn spells naturally, not from books.
Your magical power is your life essence.
You have superior vitality. (+4 MHP)


Message History

Terence seems less confused.
Casting: Magic Dart (safe; 4% risk of failure)
Confirm with . or Enter, or press ? or * to list all spells.
Aiming: Magic Dart (safe; 4% risk of failure)
Press: ? - help, Shift-Dir - straight line, f/p - Terence
Aim: Terence, wielding a +0 falchion and wearing a +2 scale mail of positive energy (severely wounded, 100% to hit)
The magic dart hits Terence but does no damage.
Terence is severely wounded.
* * * LOW HITPOINT WARNING * * *
You feel stable enough to blink again.
Casting: Magic Dart (safe; 4% risk of failure)
Confirm with . or Enter, or press ? or * to list all spells.
Aiming: Magic Dart (safe; 4% risk of failure)
Press: ? - help, Shift-Dir - straight line, f/p - Terence
Aim: Terence, wielding a +0 falchion and wearing a +2 scale mail of positive energy (severely wounded, 100% to hit)
The magic dart hits Terence but does no damage.
Terence is severely wounded.
* * * LOW HITPOINT WARNING * * *
You shoot a sling bullet.
The sling bullet hits Terence but does no damage.
Terence is severely wounded.
Terence misses you.
Casting: Magic Dart (safe; 4% risk of failure)
Confirm with . or Enter, or press ? or * to list all spells.
Aiming: Magic Dart (safe; 4% risk of failure)
Press: ? - help, Shift-Dir - straight line, f/p - Terence
Aim: Terence, wielding a +0 falchion and wearing a +2 scale mail of positive energy (severely wounded, 100% to hit)
The magic dart hits Terence.
Terence is severely wounded.
* * * LOW HITPOINT WARNING * * *
Terence hits you with a +0 falchion.
* * * LOW HITPOINT WARNING * * *
Casting: Magic Dart (safe; 4% risk of failure)
Confirm with . or Enter, or press ? or * to list all spells.
You don't have enough health to cast this spell.
Casting: Magic Dart (safe; 4% risk of failure)
Confirm with . or Enter, or press ? or * to list all spells.
You don't have enough health to cast this spell.
Terence attacks as he pursues you! Terence hits you with a +0 falchion.
You die...

###########
###############........$.
#............@@)#########
#.############..#
####.#### #.........
#.......# #...######
#.....>.# #...# #.......#
#.#.. ........# ..#...
#.......# ....###
#.......# ... .#


You could see Terence.

Vanquished Creatures
  A worm (D:2)
  2 dart slugs
  5 endoplasms
  7 goblins
  3 hobgoblins (D:1)
  2 jackals (D:2)
  5 kobolds
  3 quokkas (D:1)
  2 ball pythons (D:1)
  4 bats
  2 frilled lizards
  5 rats
41 creatures vanquished.

Vanquished Creatures (collateral kills)
  2 giant cockroaches
  A hobgoblin (D:2)
3 creatures vanquished.

Vanquished Creatures (others)
  8 foxfires (D:1)
8 creatures vanquished.

Grand Total: 52 creatures vanquished

Notes
Turn   | Place    | Note
-------+----------+-------------------------------------------
     0 | D:1      | sejenkins the Djinni Hedge Wizard began the quest for the
                  | Orb.
     0 | D:1      | sejenkins set off with the following spells memorised:
                  | Magic Dart, Slow, Blink, Call Imp, Mephitic Cloud.
     0 | D:1      | Reached XP level 1. HP: 15/15 MP: 0/0
   124 | D:1      | Reached XP level 2. HP: 19/22 MP: 0/0
   335 | D:1      | Reached XP level 3. HP: 18/26 MP: 0/0
   335 | D:1      | Learned a level 1 spell: Foxfire
   604 | D:1      | Reached skill level 1 in Fighting
  1276 | D:2      | Reached XP level 4. HP: 4/32 MP: 0/0
  1708 | D:2      | You are sucked into a shaft and drop 1 floor!
  1708 | D:3      | Found a blossoming altar of Fedhas.
  1726 | D:3      | Noticed Terence
  1773 | D:3      | HP: 1/32 [Terence/+0 falchion (6)]
  1775 | D:3      | Slain by Terence

Illustrated notes

Levels and vault maps discovered:
D:1:      mushboom_english_gardens, layout_basic, minmay_misc_feat_rows
D:2:      layout_loops_ring
D:3:      layout_loops_ring, overflow_temple_1_default,
          shapermc_ecumenical_altar_flowoftime, minmay_rat_hole, uniq_terence

Skill      XL: |  1  2  3 |
---------------+----------+-----
Spellcasting   | 3 |  3.1
Conjurations   | 3 |  3.1
Hexes          | 3 |  3.1
Summonings     | 3 |  3.1
Necromancy     | 3 |  3.1
Translocations | 3 |  3.1
Transmutations | 3 |  3.1
Fire Magic     | 3 |  3.1
Ice Magic      | 3 |  3.1
Air Magic      | 3 |  3.1
Earth Magic    | 3 |  3.1
Poison Magic   | 3 |  3.1
Fighting       | 1 |  1.3
Dodging        | 3 |  3.1
Stealth        | 2 |  2.0
Ranged Weapons | |  0.2

Action                     |  1- 3 |  4- 6 || total
---------------------------+-------+-------++-------
  Melee: Dagger            |     7 |     3 ||    10
   Fire: Sling             |    12 |     7 ||    19
  Throw: Javelin           |     2 |       ||     2
   Cast: Magic Dart        |    81 |    27 ||   108
         Call Imp          |     3 |     3 ||     6
         Foxfire           |     4 |       ||     4
         Mephitic Cloud    |     2 |     2 ||     4
         Blink             |     1 |     2 ||     3
 Armour: Robe              |    18 |     5 ||    23
  Dodge: Dodged            |    22 |     6 ||    28

Table legend: (Time is in decaauts)
 A = Elapsed time spent in this place.
 B = Non-inter-level travel time spent in this place.
 C = Inter-level travel time spent in this place.
 D = Time resting spent in this place.
 E = Time spent auto-exploring this place.
 F = Levels seen in this place.
 G = Mean time per level.
                   A        B        C        D        E       F      G
               +--------+--------+--------+--------+--------+-----+--------+
         Total |   1779 |   1760 |     19 |      0 |   1427 |   3 |  593.0 |
       Dungeon |   1779 |   1760 |     19 |      0 |   1427 |   3 |  593.0 |
               +--------+--------+--------+--------+--------+-----+--------+

Top non-repeatable levels by time:
     D:1: 1060 daAuts
     D:2: 650 daAuts
     D:3: 68 daAuts
